AoeStats
← Blafro

Arabian Desert

509625792Analyzed
1v1 RM · 4d ago on Sep 27, 2026· 43m 6s· 2 players
Game mode
Random Map
Map size
Tiny (2 player)
Population
200
Speed
Normal
Resources
Standard
Victory
Conquest
Starting age
Dark Age
Ending age
Imperial Age
RankedLock teamsTeams togetherTeam positionsShared explorationLock speedFull tech treeHidden civsTurbo modeCheats
Victory
Defeat
🇮🇳 Slavs · India
1065
+15
🇩🇪 Slavs · Germany
1039
-15
Blafro
2:33 Loom
9:57 Feudal Age
10:49 Double-Bit Axe
10:58 Man-at-Arms
12:37 Scale Mail Armor
17:48 Fletching
23:22 Castle Age
21:47 Padded Archer Armor
25:18 Crossbowman
27:13 Bow Saw
27:37 Scale Barding Armor
27:43 Forging
31:30 Bloodlines
31:21 Husbandry
31:31 Gold Mining
31:32 Stone Mining
33:37 Horse Collar
34:14 Pikeman
thebluemortal
1:35 Loom
7:56 Loom
10:51 Feudal Age
10:59 Man-at-Arms
15:26 Fletching
16:50 Double-Bit Axe
24:31 Castle Age
22:35 Horse Collar
23:11 Padded Archer Armor
25:02 Gold Mining
24:50 Crossbowman
25:28 Bodkin Arrow
26:16 Scale Barding Armor
27:19 Chain Barding Armor
28:12 Forging
30:13 Detinets
35:12 Iron Casting
37:44 Double-Bit Axe
42:54 Imperial Age
43:47 Ballistics
Connection lost

Rejoining the realm…

Still unreachable

The connection could not be restored.

Session expired

The server has moved on; the page needs a fresh start.